 Dungeon Crawl Stone Soup version 0.21-a0-110-g8e1637b (webtiles) character file.

15 sagitran the Sneak (level 2, -2/14 HPs)
             Began as a Vine Stalker Enchanter on July 7, 2017.
             Slain by a hobgoblin (3 damage)
             ... on level 1 of the Dungeon.
             The game lasted 00:03:43 (329 turns).

sagitran the Sneak (Vine Stalker Enchanter)          Turns: 329, Time: 00:03:44

Health: -2/14      AC:  3    Str: 10    XL:     2   Next: 50%
Magic:  0/6        EV: 12    Int: 15    God:
Gold:   22         SH:  0    Dex: 14    Spells: 4/5 levels left

rFire    + . .     SeeInvis .   (no weapon)
rCold    . . .     Gourm    .   (no shield)
rNeg     . . .     Faith    .   e - +1 robe {rF+}
rPois    .         Spirit   +   (no helmet)
rElec    .         Reflect  .   (no cloak)
rCorr    .         Harm     .   (no gloves)
MR       .....     Rnd*Tele +   (no boots)
Stlth    +++.......             (no amulet)
HPRegen  0.04/turn              f - +2 ring of slaying
MPRegen  0.10/turn              h - ring of teleportation (curse)

@: no status effects
A: fangs 2, magic shield, antimagic bite, no potion heal 3, rot immunity
a: no special abilities


You were on level 1 of the Dungeon.
You were not hungry.

You visited 1 branch of the dungeon, and saw 2 of its levels.

You collected 22 gold pieces.

Inventory:

Hand Weapons
 a - a +1 dagger
 i - a +1 spear of freezing
Armour
 e - a +1 robe of fire resistance (worn)
Jewellery
 f - a +2 ring of slaying (left hand)
 h - a cursed ring of teleportation (right hand)
Potions
 g - a potion of heal wounds
Books
 c - a book of Maledictions

   Spells                             Type                      Level
   a - Corona                         Hexes                        1
   b - Ensorcelled Hibernation        Hexes/Ice                    2
   c - Confuse                        Hexes                        3
   d - Tukima's Dance                 Hexes                        3
   e - Dazzling Spray                 Conjuration/Hexes            3
Comestibles
 b - 10 chunks of flesh
 d - a bread ration


   Skills:
 + Level 0.3 Fighting
 + Level 0.8 Short Blades
 + Level 1.7 Dodging
 + Level 3.8 Stealth
 + Level 2.3 Spellcasting
 + Level 3.3 Hexes


You had 4 spell levels left.
You knew the following spells:

 Your Spells              Type           Power        Failure   Level  Hunger
a - Corona                Hex            ##.....      5%          1    #......


Dungeon Overview and Level Annotations

Branches:
Dungeon (2/15)

Altars:


Innate Abilities, Weirdness & Mutations

You have extremely sharp teeth.
When hurt, damage is shared between your health and your magic reserves.
Your bite disrupts and absorbs the magic of your enemies.
Potions cannot restore your health.
You are immune to rotting.


Message History

You feel invigorated.
You kill the goblin!
The hobgoblin hits you.
You hit the hobgoblin but do no damage. Your bite misses the hobgoblin.
The hobgoblin barely misses you.
You hit the hobgoblin but do no damage. The hobgoblin hits you.
* * * LOW HITPOINT WARNING * * *
You barely miss the hobgoblin. The hobgoblin closely misses you.
You closely miss the hobgoblin.
You bite the hobgoblin, but do no damage.
The hobgoblin closely misses you.
Casting: Corona
Confirm with . or Enter, or press ? or * to list all spells.
Aiming: Corona
Press: ? - help, Shift-Dir - straight line, f/p - kobold
Aim: a kobold (moderately wounded, chance to defeat MR: 64%)
The hobgoblin is outlined in light.
The hobgoblin hits you.
Some of the chunks of flesh in your inventory have rotted away.
You hit the hobgoblin but do no damage. The hobgoblin hits you.
You die...

####.#####.........#..#
#.......###.......###.#
########.......# ##.....##*#..
#......#.......# ##.#.....##.
#.####.#.......# #..........
#.#..#.#####.### #..........
#.+<.'.# #rK# #..........
#.#..#.### ##g## #..........
###'####.#.####@.#####..........
#.'......#.#...........(........
#.#'######..........##..........
#.#.####.###....................
##.#.............##..............
#.............#..................
#..........................)###.#
###........................รท.....
##.........................####


You could see a hobgoblin, a kobold and a rat.

Vanquished Creatures
  A dart slug (D:1)
  A ball python (D:1)
  A giant cockroach (D:1)
  4 goblins (D:1)
  4 bats (D:1)
  A rat (D:1)
12 creatures vanquished.

Notes
Turn   | Place    | Note
-------+----------+-------------------------------------------
     0 | D:1      | sagitran the Vine Stalker Enchanter began the quest for the Orb.
     0 | D:1      | Reached XP level 1. HP: 9/9 MP: 4/4
   176 | D:1      | Reached XP level 2. HP: 6/13 MP: 3/6
   329 | D:1      | Slain by a hobgoblin

Vault maps used:
D:1:      ncdulo_smallfort
D:2:      nicolae_overflow_crystal_walls, overflow_temple_1_default,
          lemuel_doored_altar

Action                   || total
-------------------------++-------
Melee: Unarmed           ||    41
       Spear             ||     6
       Bite              ||    11
 Cast: Corona            ||     3
  Use: Scroll            ||     3
       Potion            ||     1
Armor: Robe              ||    31
Dodge: Dodged            ||    89
